 Seeded DCSS version 0.29.1-15-g9cfb28693d (webtiles) character file.

Game seed: 11851575853161599096 (custom seed)

578265 Sanktem7 the Formicid Barricade (level 27, -2/242 HPs)
             Began as a Formicid Fighter on Mar 18, 2023.
             Was the Champion of Okawaru.
             Blown up by Boris (25 damage)
             ... with a wavering orb of destruction
             ... on level 2 of the Tomb of the Ancients on Mar 19, 2023.
             The game lasted 02:54:34 (68155 turns).

Sanktem7 the Formicid Barricade (Formicid Fighter) Turns: 68155, Time: 02:54:35

Health: -2/242     AC: 49    Str: 36 (38) XL:     27
Magic:  32/32      EV: 14    Int: 14      God:    Okawaru [******]
Gold:   6449       SH: 38    Dex: 13 (16) Spells: 26/26 levels left

rFire   + . .      SeeInvis +   d - +9 executioner's axe (flame) {!waxerare=g}
rCold   . . .      Faith    .   A - +14 tower shield of Beloved Happiness {rC- Int+4 Dex+3}
rNeg    + + .      Spirit   .   l - +15 Maxwell's patent armour {-Cast -Tele rElec Will+ rCorr}
rPois   +          Reflect  .   (helmet unavailable)
rElec   +          Harm     .   W - +2 cloak {rF+}
rCorr   +          Rampage  .   j - +3 pair of gauntlets of War {Slay+5}
Will    +++++      Clarity  +   X - +2 pair of boots {Stlth+}
Stlth   .......... NoCast   +   D - amulet of the Four Winds {rN+ Will+++ Clar}
HPRegen 0.50/turn               n - ring "Vessi Roll" {Fly rElec rC+ rN+}
MPRegen 0.23/turn               P - ring "Zureulo" {Fly rPois Str+5}

@: flying, studying 5 skills
A: permanent stasis, dig shafts and tunnels, antennae 3, four strong arms,
strong-willed 1, subdued magic 1
}: 3/15 runes: serpentine, barnacled, silver
a: Dig, Shaft Self, Renounce Religion, Heroism, Finesse, Duel


You were on level 2 of the Tomb of the Ancients.
You worshipped Okawaru.
Okawaru was exalted by your worship.
You visited 10 branches of the dungeon, and saw 47 of its levels.
You also visited: Gauntlet and Volcano.

You collected 8217 gold pieces.
You spent 1768 gold pieces at shops.


Innate Abilities, Weirdness & Mutations

You cannot be hasted, slowed, berserked, paralysed or teleported.
You can dig through walls and to a lower floor.
You have a pair of large antennae on your head. (SInv)
Your four strong arms can wield two-handed weapons with a shield.
You are strong-willed. (Will+)
Your spells are a little easier to cast, but a little less powerful.


   Skills:
 * Level 25.2 Fighting
 - Level 24.0 Axes
 - Level 10.0 Throwing
 + Level 25.3 Armour
 + Level 10.3 Dodging
 O Level 27 Shields
 - Level 12.0 Invocations


You had 26 spell levels left.
You didn't know any spells.
Your spell library contained the following spells:

 Spells                   Type           Power      Damage    Failure   Level
 Apportation              Tloc           0%         N/A       54%         1
 Foxfire                  Conj/Fire      0%         2x1d4     54%         1
 Magic Dart               Conj           0%         1d3       54%         1
 Necrotise                Necr           0%         1d4       54%         1
 Sandblast                Erth           0%         2d4       54%         1
 Shock                    Conj/Air       0%         1d3       54%         1
 Ensorcelled Hibernation  Hex/Ice        0%         N/A       69%         2
 Passwall                 Tmut/Erth      0%         N/A       69%         2
 Poisonous Vapours        Pois/Air       0%         N/A       69%         2
 Searing Ray              Conj           0%         2d4       69%         2
 Static Discharge         Conj/Air       0%         3-3/arc   69%         2
 Conjure Flame            Conj/Fire      0%         6-21      89%         3
 Dazzling Flash           Conj/Hex       0%         N/A       89%         3
 Gell's Gravitas          Tloc           0%         N/A       89%         3
 Ignite Poison            Fire/Tmut/Pois 0%         N/A       89%         3
 Inner Flame              Hex/Fire       0%         N/A       89%         3
 Lesser Beckoning         Tloc           0%         N/A       89%         3
 Mephitic Cloud           Conj/Pois/Air  0%         N/A       89%         3
 Portal Projectile        Hex/Tloc       0%         N/A       89%         3
 Stone Arrow              Conj/Erth      0%         3d7       89%         3
 Teleport Other           Tloc           0%         N/A       89%         3
 Vampiric Draining        Necr           0%         2d6       89%         3
 Airstrike                Air            0%         2d(0-16)  100%        4
 Anguish                  Hex/Necr       0%         N/A       100%        4
 Corpse Rot               Necr/Pois/Air  0%         N/A       100%        4
 Dispel Undead            Necr           0%         3d6       100%        4
 Flame Wave               Conj/Fire      0%         2d4       100%        4
 Fulminant Prism          Conj/Hex       0%         3d6       100%        4
 Hailstorm                Conj/Ice       0%         3d3       100%        4
 Ice Form                 Ice/Tmut       0%         N/A       100%        4
 Iskenderun's Mystic Bla  Conj/Tloc      0%         2d3       100%        4
 Sticky Flame             Conj/Fire      0%         2d3       100%        4
 Agony                    Necr           0%         N/A       100%        5
 Alistair's Intoxication  Tmut/Pois      0%         N/A       100%        5
 Blade Hands              Tmut           0%         N/A       100%        5
 Borgnjor's Vile Clutch   Necr/Erth      0%         N/A       100%        5
 Freezing Cloud           Conj/Ice/Air   0%         6-21      100%        5
 Iskenderun's Battlesphe  Conj           0%         2d6       100%        5
 Lee's Rapid Deconstruct  Erth           0%         3d5*      100%        5
 Lightning Bolt           Conj/Air       0%         1d11      100%        5
 Dispersal                Tloc           0%         N/A       100%        6
 Eringya's Noxious Bog    Tmut/Pois      0%         N/A       100%        6
 Iron Shot                Conj/Erth      0%         9d1       100%        6
 Starburst                Conj/Fire      0%         6d3       100%        6
 Enfeeble                 Hex            0%         N/A       100%        7
 Orb of Destruction       Conj           0%         9d5       100%        7
 Borgnjor's Revivificati  Necr           0%         N/A       100%        8
 Disjunction              Tloc           0%         N/A       100%        8
 Lehudib's Crystal Spear  Conj/Erth      0%         10d2      100%        8
 Maxwell's Capacitive Co  Air            0%         ∞         100%        8
 Necromutation            Tmut/Necr      0%         N/A       100%        8
 Death's Door             Necr           0%         N/A       100%        9
 Polar Vortex             Ice            0%         N/A       100%        9
 Summon Small Mammal      Summ           Unusable   N/A       N/A         1
 Call Canine Familiar     Summ           Unusable   N/A       N/A         3
 Summon Guardian Golem    Hex/Summ       Unusable   N/A       N/A         3
 Swiftness                Air            Unusable   N/A       N/A         3
 Tukima's Dance           Hex            Unusable   N/A       N/A         3
 Animate Armour           Summ/Erth      Unusable   N/A       N/A         4
 Summon Forest            Summ/Tloc      Unusable   N/A       N/A         5
 Simulacrum               Ice/Necr       Unusable   N/A       N/A         6
 Spellforged Servitor     Conj/Summ      Unusable   N/A       N/A         7
 Summon Hydra             Summ           Unusable   N/A       N/A         7

Inventory:

Hand Weapons
 c - a +2 eveningstar {macerare=g}
   (You took it off Zenata on level 3 of the Crypt)
 d - a +9 executioner's axe of flaming (weapon) {!waxerare=g}
   (You subdued it on level 2 of the Elven Halls)
 K - the +7 broad axe of Okawaru's Reproof {antimagic, Stlth+, axe}
   (Okawaru gifted it to you on level 5 of the Lair of Beasts)

   It reduces the magical energy of the wielder, and disrupts the spells and
   magical abilities of those it strikes.
   Natural abilities and divine invocations are not affected.
   Stlth:     It makes you more stealthy.
Missiles
 a - 8 silver boomerangs {throwing}
 b - 19 silver javelins {throwing}
 f - 7 boomerangs of dispersal {=f!fthrowing}
 T - 41 boomerangs {throwing}
 V - 33 javelins (quivered) {throwing}
Armour
 j - the +3 pair of gauntlets of War (worn) {Slay+5}
   (You acquired it on level 8 of the Dungeon)

   Slay:      It affects your accuracy & damage with ranged weapons and melee
   (+5).
 l - the +15 Maxwell's patent armour (worn) {-Cast -Tele rElec Will+ rCorr}
   (You found it on level 3 of the Dungeon)

   rElec:     It insulates you from electricity.
   -Cast:     It prevents spellcasting.
   -Tele:     It prevents most forms of teleportation.
   rCorr:     It protects you from acid and corrosion.
   Will:      It increases your willpower.
 A - the +14 tower shield of Beloved Happiness (worn) {rC- Int+4 Dex+3}
   (You acquired it on level 2 of the Elven Halls)

   Int:       It affects your intelligence (+4).
   Dex:       It affects your dexterity (+3).
   rC:        It makes you vulnerable to cold.
 B - a +2 crystal plate armour {rare=g}
   (You found it on level 3 of the Crypt)
 W - a +2 cloak of fire resistance (worn)
   (You found it in a volcano)
 X - a +2 pair of boots of stealth (worn)
   (You bought it in a shop on level 3 of the Vaults)
Magical Staves
 L - a staff of death {!astaff}
   (You found it on level 1 of the Tomb of the Ancients)
Jewellery
 n - the ring "Vessi Roll" (left hand) {Fly rElec rC+ rN+}
   (You bought it in a shop on level 4 of the Snake Pit)

   [ring of flight]

   rC:        It protects you from cold.
   rElec:     It insulates you from electricity.
   rN:        It protects you from negative energy.
   Fly:       It grants you flight.
 q - the ring of Shadows {Umbra +Inv Stlth+}
   (You found it on level 3 of the Crypt)

   [ring of stealth]

   It surrounds you with an aura of shadow, increasing your stealth and reducing
   the accuracy of all others within it.
   +Inv:      It lets you turn invisible.
   Stlth:     It makes you more stealthy.
 D - the amulet of the Four Winds (around neck) {rN+ Will+++ Clar}
   (You took it off a deep elf blademaster on level 3 of the Elven Halls)

   [amulet of nothing]

   rN:        It protects you from negative energy.
   Clar:      It protects you against confusion.
   Will:      It greatly increases your willpower.
 P - the ring "Zureulo" (right hand) {Fly rPois Str+5}
   (You took it off a deep elf high priest on level 3 of the Elven Halls)

   [ring of flight]

   Str:       It affects your strength (+5).
   rPois:     It protects you from poison.
   Fly:       It grants you flight.
Wands
 p - a wand of iceblast (2)
   (You found it on level 5 of the Vaults)
 y - a wand of flame (10)
   (You found it on level 3 of the Crypt)
 U - a wand of polymorph (7)
   (You found it on level 1 of the Crypt)
Scrolls
 g - 3 scrolls of enchant armour
 h - 6 scrolls of immolation {!r!r}
 o - 2 scrolls of identify {@r1}
 t - a scroll of summoning
 v - 9 scrolls of poison {!r}
 w - 4 scrolls of fog
 E - 3 scrolls of vulnerability {!r!r}
 G - 8 scrolls of fear
 H - 11 scrolls of magic mapping {!r}
 R - 2 scrolls of brand weapon
Potions
 e - 10 potions of curing {@q1}
 i - 7 potions of ambrosia
 m - 10 potions of flight
 r - 8 potions of attraction {!q}
 u - a potion of berserk rage {!q}
 x - 6 potions of invisibility
 z - 7 potions of lignification {!q}
 C - 10 potions of mutation {!q}
 F - 2 potions of resistance
 I - 8 potions of might
 J - 6 potions of haste {@q3}
 O - 3 potions of brilliance
 Q - 5 potions of cancellation
Miscellaneous
 k - a phial of floods
   (You found it on level 5 of the Lair of Beasts)
 Z - a piece from Xom's chessboard (15/15)
   (You found it on level 3 of the Elven Halls)

Dungeon Overview and Level Annotations

Branches:
Dungeon (15/15) Zot: 25087  Temple (0/1) D:5            Lair (5/5) D:9 Zot: 23699
 Shoals (4/4) Lair:3 Zot: 16701   Snake (4/4) Lair:2 Zot: 19389   Slime (0/5) Lair:5
    Orc (2/2) D:12 Zot: 9479     Elf (3/3) Orc:2 Zot: 10769  Vaults (5/5) D:14 Zot: 22792
  Crypt (3/3) Vaults:3 Zot: 12839    Tomb (2/3) Crypt:3 Zot: 9887  Depths (4/4) D:15 Zot: 17699
    Zot (0/5) Depths:4    Volcano (visited)         Gauntlet (visited)

Altars:
Cheibriados
Kikubaaqudgha
Okawaru
Uskayaw
Vehumet
Wu Jian
Yredelemnul
Jiyva

Shops:
D:4 [   D:5 [   D:7 *   D:15 [   Orc:1 !=?   Orc:2 ((?!   Snake:4 =:=
Vaults:2 ?   Vaults:3 [   Vaults:4 =

Portals:
Hell: Depths:1 Depths:2 Depths:3 Depths:4
Abyss: Depths:3
Pandemonium: Depths:1 Depths:2 Depths:3 Depths:4
Ziggurat: Depths:4

Annotations:
Snake:1 Roxanne
Snake:3 Mara
Vaults:3 3 runed translucent doors, DizzySkin's ghost, veteran MiBe; wjh11's ghost, veteran MiBe
Tomb:2 Boris

{ { { ##############
.............#{
........^......# {
............##L.#{ {
.............##@.# {
..............##.#
.......##.....##M# {
........##.....{.#
..[.....{..[.....# {
........LM.......# .
#.......##.....#{
..##.......##.....#{
.......$..........#


You could see Boris (invisible) and a mummy.


Message History

The ancient champion casts a spell.
The ancient champion seems to speed up.
You block the death scarab's attack.
The death scarab moves out of view.
You hear a faint skittering sound. x2 😱 HP[+1]
You barely miss the ancient champion.
You hit the death scarab but do no damage.
You closely miss the death scarab. You slash the death scarab!
You burn the death scarab. You block the death scarab's attack.
The death scarab barely misses you. You block the death scarab's attack.
The ancient champion hits you but does no damage.
You hit the ancient champion but do no damage.
You slice the death scarab!! You burn the death scarab!
You destroy the death scarab!
Okawaru accepts your kill. You block the death scarab's attack. x3
The ancient champion gestures at you while chanting.
The iron shot hits you but does no damage. 😱 HP[+1]
You hit the ancient champion but do no damage.
You slash the death scarab! You burn the death scarab.
You carve the death scarab like a ham!!!
You burn the death scarab.
You destroy the death scarab!
Okawaru accepts your kill.
You hit the death scarab. You burn the death scarab.
You block the death scarab's attack. x3
You block the ancient champion's attack.
You carve the ancient champion like a ham!!!
You burn the ancient champion!!
You destroy the ancient champion!
Okawaru accepts your kill.
You chop the death scarab into pieces!!!
You burn the death scarab.
You destroy the death scarab!
Okawaru accepts your kill.
You hear a faint skittering sound. x2
You block the death scarab's attack. x3
You feel your strength returning.
You carve the death scarab like a ham!!!!
You burn the death scarab!
You destroy the death scarab!
Okawaru accepts your kill.
You slash the death scarab! You burn the death scarab.
You slice the death scarab!! You burn the death scarab!
You block the death scarab's attack. x2
Boris, Master of Life and Death comes into view. 😱 HP[+1]
A mummy comes into view.
You block the death scarab's attack.
The death scarab attacks as you move away!
You block the death scarab's attack.
The death scarab's many legs skitter faintly.
You block the death scarab's attack. x2 😱 HP[+1]
You slash the mummy! You burn the mummy. You block the death scarab's attack.
You block the mummy's attack. You block the death scarab's attack.
You slice the mummy!! You burn the mummy.
You destroy the mummy!
Okawaru accepts your kill.
You slice the death scarab!! You burn the death scarab.
You destroy the death scarab!
Okawaru accepts your kill.
You slash the death scarab! You burn the death scarab.
You destroy the death scarab!
Okawaru accepts your kill. 😱 HP[+1] 😱 HP[+1] Boris mumbles some strange words.
Boris flickers and vanishes for a moment. 😱 HP[+1] 😱 HP[+1] 😱 HP[+1] 😱 HP[+1]
You now have 6449 gold pieces (gained 15). 😱 HP[+1] 😱 HP[+1] 😱 HP[+1] 😱 HP[+1] Boris conjures an orb of pure magic.
The orb of destruction hits a rock wall. 😱 HP[+1]
You barely miss Boris.
Boris launches a ball of destructive magic.
You block the orb of destruction.
You open Boris like a pillowcase!!! You burn Boris! You slice Boris!!
You burn Boris! You block Boris's attack. x2 😱 HP[+1]
You hit Boris. You burn Boris.
Boris points at you and mumbles some strange words.
The bolt of cold hits you!!
* * * LOW HITPOINT WARNING * * *
😱 HP[-35]
You take 35 damage, and now have 22/242 hp.
You slice Boris!! You burn Boris. 😱 HP[+1]
You barely miss Boris.
Boris conjures an orb of pure magic.
The wavering orb of destruction weakly hits you!!
You die...

Skill      XL: |  1  2  3  4  5  6  7  8  9 10 11 12 13 14 15 16 17 18 19 20 21 22 23 24 25 26 27 |
---------------+----------------------------------------------------------------------------------+-----
Throwing       | 1 2 3 4 5 6 7 8 9 10 | 10.0
Axes           | 3 4 5 6 7 9 10 11 13 14 16 17 18 19 20 21 22 23 24 | 24.0
Fighting       | 4 5 6 7 8 9 10 11 12 13 14 16 18 19 20 21 22 23 25 | 25.2
Armour         | 4 5 6 7 9 11 13 14 16 17 18 19 20 21 22 23 25 | 25.3
Shields        | 5 6 8 9 10 11 12 13 15 16 17 18 19 20 21 22 23 24 25 27 | 27.0
Invocations    | 3 5 7 10 11 12 | 12.0
Dodging        | 5 10 | 10.3

Action                   |  1- 3 |  4- 6 |  7- 9 | 10-12 | 13-15 | 16-18 | 19-21 | 22-24 | 25-27 || total
-------------------------+-------+-------+-------+-------+-------+-------+-------+-------+-------++-------
Melee: War axe           |    28 |       |       |   247 |    52 |       |       |       |       ||   327
       Battleaxe         |    50 |   112 |   275 |    44 |       |       |       |       |       ||   481
       Broad axe         |       |       |       |       |   774 |  1083 |  1064 |    97 |       ||  3018
       Whip              |       |       |       |       |    20 |       |       |       |       ||    20
       Executioner's axe |       |       |       |       |       |       |       |   553 |  1329 ||  1882
Throw: Boomerang         |       |       |       |       |       |    75 |    67 |    26 |       ||   168
       Javelin           |       |       |       |       |       |       |    18 |     5 |    36 ||    59
Invok: Heroism           |       |       |       |     2 |     4 |     5 |     8 |     1 |     1 ||    21
       Duel              |       |       |       |       |       |       |       |       |     2 ||     2
  Use: Scroll            |       |       |       |     8 |    19 |     5 |     8 |     1 |     5 ||    46
       Potion            |       |       |       |       |     1 |       |     4 |     1 |    25 ||    31
 Stab: Petrified         |       |       |       |       |       |     6 |       |       |       ||     6
Armor: Scale mail        |    38 |       |       |       |       |       |       |       |       ||    38
       Plate armour      |    18 |    70 |   188 |   160 |   485 |   469 |   645 |   206 |   304 ||  2545
Dodge: Dodged            |    67 |    59 |   146 |   131 |   260 |   140 |   234 |    76 |   183 ||  1296
Block: Buckler           |    28 |    38 |   115 |   194 |   278 |       |       |       |       ||   653
       Reflection        |       |       |     4 |    15 |    18 |    80 |    54 |       |       ||   171
       Tower shield      |       |       |       |       |   402 |  1040 |  1560 |   879 |  1636 ||  5517

Levels and vault maps discovered:
D:1:      lightli_iron_boxes, layout_basic
D:2:      layout_rooms, shapermc_ecumenical_altar_flowoftime
D:3:      layout_basic, uniq_natasha
D:4:      layout_rooms, serial_shops, nicolae_take_the_stairs,
          uniq_blork_the_orc
D:5:      layout_basic, minmay_temple_entry_stoned_glass, serial_shops,
          nicolae_lakefront_shop, grunt_ministairs_2,
          minmay_misc_feat_more_columns, kennysheep_generic_room_15
D:6:      layout_basic, serial_rivers, chequers_serial_rivers_small_a,
          chequers_serial_rivers_micro_c, chequers_serial_rivers_micro_d,
          chequers_serial_rivers_micro_b, chequers_serial_rivers_small_a
D:7:      layout_basic, chequers_temple_overflow_statue_of_worship,
          serial_shops, shop_statue, hellmonk_ghost_happy_afterlife,
          uniq_duvessa, uniq_joseph
D:8:      layout_loops_ring, amcnicky_altar_gilded, guppyfry_early_elven_hall,
          uniq_maurice
D:9:      kennysheep_blocky_room, layout_long_grid, erik_lair_orcish_takeover
D:10:     layout_stronghold, uniq_josephine, uniq_grum
D:11:     layout_stronghold, gauntlet_entry_generic, minmay_misc_feat_cross,
          serial_bayou_lake_a
D:12:     layout_roguey, zombieorc1_lemuel, chequers_serial_rivers_micro_c,
          nzn_sisyphean_effort
D:13:     layout_loops_ring
D:14:     layout_small_grid, david_vaults_5, serial_park_square2
D:15:     gammafunk_depths_entry_grave, layout_rooms, minivault_14,
          nicolae_hexahallways, minmay_shop_chei
Lair:1:   layout_regular_city, st_stairs_13, chequers_serial_rivers_room_a,
          serial_bayou_shore_a, grunt_megastairs_4, uniq_sonja
Lair:2:   layout_layer_cave, minmay_snake_entry_six_corridors,
          grunt_megastairs_1, uniq_maggie
Lair:3:   layout_roguey, elwin_shoals_entry_stream,
          chequers_serial_rivers_micro_d, minivault_19, grunt_megastairs_3
Lair:4:   layout_regular_city, gammafunk_lair_bear_cave,
          infiniplex_staircase_pool, serial_bayou_shore_b
Lair:5:   hangedman_lair_tendril_chambers, layout_misc_corridors,
          guppyfry_lair_end_dragon, slime_entry_1,
          nicolae_lair_run_with_the_wolves, infiniplex_staircase_pool_2,
          serial_bayou_shore_b
Shoals:1: layout_shoals
Shoals:2: layout_shoals, uniq_polyphemus
Shoals:3: layout_shoals, gammafunk_ghost_necromancy
Shoals:4: shoals_end_hellmonk_lost_city
Snake:1:  layout_gridlike, uniq_kirke, uniq_roxanne
Snake:2:  layout_grid_shapes, basic_altar
Snake:3:  layout_misc_corridors, grunt_ministairs_7, uniq_mara, uniq_aizul,
          uniq_donald
Snake:4:  minmay_snake_end_coiled, layout_chambers, minmay_shop_grove
Orc:1:    layout_caves, nicolae_volcano_entry_two_sided, basic_altar,
          serial_shops, shop, shop, shop
Orc:2:    st_orc_ogre_mass, layout_diamond_mine, uniq_saint_roka
Elf:1:    eino_elf_arrival_shootout, layout_loops_corners,
          gammafunk_ghost_berserking_beasts, orc_legates,
          serial_sigils_hangedman_confine, glass_columns_a
Elf:2:    nicolae_elf_blades_splatter_lattice
          [nicolae_blade_entry_hurt_lockers], layout_loops_corners,
          serial_sigils_hangedman_snap, minmay_strange_pillars,
          small_statue_intersection, uniq_jorgrun
Elf:3:    elf_hall, layout_loops_cross, basic_altar
Vaults:1: ontoclasm_vaults_shuriken, nicolae_vaults_asterisk, v_misc_28,
          nicolae_vaults_rhombus_7, v_alt_pattern_5, ontoclasm_vaults_pinch,
          vaults_room_door_ring, ontoclasm_vaults_chip,
          vaults_room_grunt_arrival_checkpoint, v_misc_18, v_misc_30,
          nicolae_vaults_little_squares_6, layout_vaults_maze_bifur
Vaults:2: v_misc_9, kb_rosetta, v_misc_19, ontoclasm_vaults_decontamination,
          nicolae_vaults_three_branches, v_misc_13, ontoclasm_vaults_twist,
          layout_vaults_chaotic_city, serial_shops, nicolae_shop_stone
Vaults:3: gammafunk_ghost_cemetery, nicolae_vaults_arrows,
          minmay_crypt_entry_skeletal_spiral, v_alt_pattern_1, v_misc_28,
          nicolae_vaults_specimen_jars, v_misc_17, st_lines,
          nicolae_vaults_network_s, vaults_room_corners, v_misc_22,
          nicolae_vaults_diagonal_hallway_7, nicolae_vaults_border_crossing,
          nicolae_vaults_little_squares_6, hangedman_vaults_slice,
          layout_vaults_omnicross, serial_shops, shop
Vaults:4: v_misc_23, vaults_room_ringed_pool, grunt_vaults_hallway_short,
          vaults_dpeg_hooks, v_misc_16, nicolae_vaults_alarming, v_misc_13,
          nicolae_vaults_little_ls, layout_vaults_omnigrid, serial_shops,
          shop_fountains
Vaults:5
Crypt:1:  layout_chaotic_city, grunt_crypt_arrival_webbed, grunt_megastairs_2
Crypt:2:  layout_gridlike, lemuel_upstairs_altar, uniq_boris
Crypt:3:  evilmike_haunted_forest, uniq_zenata
Tomb:1
Tomb:2
Depths:1: layout_cave_pools, grunt_pan_entry_spiral, hell_entry,
          minmay_misc_feat_roman, kennysheep_opposing_triangles,
          infiniplex_staircase_pool_lava
Depths:2: kennysheep_large_spiral, layout_basic, nicolae_twisting_strands,
          pan_entry, hell_entry, minmay_three_doors
Depths:3: minmay_two_paths, layout_gridville, nicolae_wwwww,
          abyss_entry_small_statue_room, nicolae_hell_entry_hellmouth_sunbeams,
          rand_demon_pan_entry_8, uniq_vv
Depths:4: grunt_zot_entry_bicorn, layout_gridlike, enter_ziggurat_a,
          rand_demon_pan_entry_5, hell_entry

Notes
Turn   | Place    | Note
-------+----------+-------------------------------------------
     0 | D:1      | Sanktem7 the Formicid Fighter began the quest for the Orb.
     0 | D:1      | Reached XP level 1. HP: 18/18 MP: 1/1
     0 | D:1      | magus.rc [v1.9.6]
    10 | D:1      | You fall into a shaft and drop 1 floor!
   213 | D:2      | Reached XP level 2. HP: 24/24 MP: 2/2
   234 | D:2      | Found a faded altar of an unknown god.
   652 | D:2      | Reached XP level 3. HP: 29/29 MP: 3/3
   913 | D:3      | Found the +15 Maxwell's patent armour {-Cast -Tele rElec
                  | Will+ rCorr}
  1009 | D:3      | Noticed Natasha
  1017 | D:3      | Killed Natasha
  1018 | D:3      | Reached skill level 1 in Throwing
  1018 | D:3      | Reached XP level 4. HP: 32/37 MP: 4/4
  1281 | D:3      | Noticed Natasha
  1289 | D:3      | Killed Natasha
  1290 | D:3      | Reached skill level 3 in Axes
  1384 | D:3      | Noticed Natasha
  1389 | D:3      | Killed Natasha
  1390 | D:3      | Reached XP level 5. HP: 32/42 MP: 5/5
  1521 | D:3      | You pick up a book of Air and begin reading...
  1521 | D:3      | You add the spells Shock and Airstrike to your library.
  1754 | D:4      | Reached skill level 4 in Fighting
  1754 | D:4      | Reached skill level 4 in Armour
  1762 | D:4      | Found Kagucra's Armour Boutique.
  1762 | D:4      | Noticed a phantom
  1775 | D:4      | Killed a phantom
  1776 | D:4      | Reached skill level 5 in Shields
  1776 | D:4      | Reached XP level 6. HP: 46/48 MP: 6/6
  1778 | D:4      | Reached skill level 2 in Throwing
  1961 | D:4      | Noticed Blork the orc
  1972 | D:4      | Killed Blork the orc
  1973 | D:4      | Reached skill level 4 in Axes
  2238 | D:5      | Entered Level 5 of the Dungeon
  2266 | D:5      | Reached XP level 7. HP: 41/55 MP: 7/7
  2433 | D:5      | Found a staircase to the Ecumenical Temple.
  2757 | D:5      | Found Ozadgha's Antique Armour Boutique.
  2821 | D:5      | Reached skill level 3 in Throwing
  2824 | D:5      | Reached skill level 5 in Axes
  2965 | D:5      | Reached skill level 5 in Armour
  2965 | D:5      | Reached skill level 6 in Shields
  2965 | D:5      | Reached XP level 8. HP: 61/61 MP: 8/8
  3044 | D:5      | Reached skill level 5 in Fighting
  3208 | D:5      | You add the spells Alistair's Intoxication, Borgnjor's Vile
                  | Clutch and Eringya's Noxious Bog to your library.
  3610 | D:6      | You pick up a book of Lightning and begin reading...
  3610 | D:6      | You add the spells Static Discharge, Lightning Bolt and
                  | Maxwell's Capacitive Coupling to your library.
  4468 | D:7      | Reached skill level 6 in Axes
  4505 | D:7      | Found Cyud's General Store.
  4595 | D:7      | Found an iron altar of Okawaru.
  4596 | D:7      | Found an ornate altar of the Wu Jian Council.
  4597 | D:7      | Found a hide-covered altar of Uskayaw.
  4601 | D:7      | Became a worshipper of Warmaster Okawaru
  4669 | D:7      | Reached skill level 4 in Throwing
  4669 | D:7      | Reached XP level 9. HP: 69/69 MP: 9/9
  4735 | D:7      | Noticed Mickster's ghost (amateur DrWn)
  4746 | D:7      | Reached skill level 7 in Shields
  4747 | D:7      | Found a runed translucent door.
  4892 | D:7      | Bought 2 potions of curing for 78 gold pieces
  4892 | D:7      | Bought a scroll of identify for 26 gold pieces
  4893 | D:7      | Identified the +1 scale mail of Varoxzih {+Blink Int+5}
  4910 | D:7      | Reached skill level 1 in Invocations
  5094 | D:7      | Noticed Joseph
  5101 | D:7      | Killed Joseph
  5101 | D:7      | Reached * piety under Okawaru
  5102 | D:7      | Reached skill level 6 in Fighting
  5102 | D:7      | Reached skill level 6 in Armour
  5190 | D:7      | Identified the amulet "Kisy" {Reflect Int+4 SH+5}
  5243 | D:7      | Noticed Duvessa
  5244 | D:7      | Noticed Dowan
  5251 | D:7      | Killed Duvessa
  5252 | D:7      | Reached skill level 7 in Axes
  5252 | D:7      | Reached skill level 2 in Invocations
  5259 | D:7      | Killed Dowan
  6029 | D:1      | You pick up a book of Power and begin reading...
  6029 | D:1      | You add the spells Iskenderun's Battlesphere and Iron Shot
                  | to your library.
  6260 | D:7      | Killed Mickster's ghost
  6421 | D:8      | Found a basalt altar of Yredelemnul.
  6548 | D:8      | Noticed Maurice
  6559 | D:8      | Killed Maurice
  6611 | D:8      | Noticed a deep elf pyromancer
  6621 | D:8      | Killed a deep elf pyromancer
  6621 | D:8      | Reached ** piety under Okawaru
  6622 | D:8      | Reached skill level 5 in Throwing
  6622 | D:8      | Reached skill level 8 in Shields
  6622 | D:8      | Reached skill level 3 in Invocations
  6622 | D:8      | Reached XP level 10. HP: 39/77 MP: 12/12
  6874 | D:8      | Reached skill level 8 in Axes
  6878 | D:8      | Reached skill level 4 in Invocations
  6881 | D:8      | Reached *** piety under Okawaru
  6882 | D:8      | Reached skill level 7 in Armour
  6889 | D:8      | Reached skill level 7 in Fighting
  7422 | D:8      | Identified 2 scrolls of acquirement
  7422 | D:8      | Acquired the +3 pair of gauntlets of War {Slay+5}
  7422 | D:8      | Found the +3 pair of gauntlets of War {Slay+5}
  7429 | D:8      | Acquired a manual of Armour
  7481 | D:9      | Noticed a manticore
  7489 | D:9      | Killed a manticore
  7489 | D:9      | Reached **** piety under Okawaru
  7515 | D:9      | Noticed a wizard
  7525 | D:9      | Killed a wizard
  7526 | D:9      | Reached skill level 9 in Axes
  7526 | D:9      | Reached skill level 6 in Throwing
  7526 | D:9      | Reached skill level 9 in Shields
  7526 | D:9      | Reached skill level 5 in Invocations
  7526 | D:9      | Reached XP level 11. HP: 84/84 MP: 14/14
  7653 | D:9      | Received a gift from Okawaru
  7674 | D:9      | Reached skill level 8 in Armour
  7718 | D:9      | Found a staircase to the Lair.
  7811 | D:9      | Reached ***** piety under Okawaru
  7819 | D:9      | Reached skill level 8 in Fighting
  7937 | D:9      | Received a gift from Okawaru
  7982 | D:9      | Reached skill level 10 in Axes
  8004 | D:9      | Reached skill level 9 in Armour
  8479 | D:10     | Entered Level 10 of the Dungeon
  8532 | D:10     | Noticed Grum
  8550 | D:10     | Killed Grum
  8551 | D:10     | Reached skill level 10 in Shields
  8633 | D:10     | You pick up a book of the Warp and begin reading...
  8633 | D:10     | You add the spells Dispersal and Disjunction to your
                  | library.
  8772 | D:10     | Reached skill level 7 in Throwing
  8826 | D:10     | Identified the +1 robe of Oril {rCorr Str+5} (Okawaru
                  | gifted it to you on level 10 of the Dungeon)
  8826 | D:10     | Received a gift from Okawaru
  8885 | D:10     | Reached XP level 12. HP: 80/94 MP: 15/15
  9031 | D:10     | Reached skill level 10 in Armour
  9153 | D:10     | Noticed Josephine
  9165 | D:10     | Killed Josephine
  9173 | D:10     | Reached skill level 11 in Axes
  9423 | D:11     | Found a gate leading to a gauntlet.
  9431 | Gauntlet | Entered a Gauntlet
  9431 | Gauntlet | Found a transporter.
  9434 | Gauntlet | Found a transporter.
  9434 | Gauntlet | Found a transporter.
  9434 | Gauntlet | Found a transporter.
  9446 | Gauntlet | Reached skill level 9 in Fighting
  9460 | Gauntlet | Found a transporter.
  9465 | Gauntlet | Found a transporter.
  9465 | Gauntlet | Found a transporter.
  9469 | Gauntlet | Identified the ring "Xaymposho" {Contam +Blink Will+ Int+4}
  9483 | Gauntlet | Noticed a death scarab
  9484 | Gauntlet | Found a transporter.
  9487 | Gauntlet | Found a transporter.
  9487 | Gauntlet | Found a transporter.
  9489 | Gauntlet | Noticed a hell hog
  9492 | Gauntlet | Killed a death scarab
  9493 | Gauntlet | Reached skill level 11 in Shields
  9711 | Gauntlet | Found a runed translucent door.
  9713 | Gauntlet | Found a transporter.
  9714 | Gauntlet | Found a transporter.
  9714 | Gauntlet | Found a transporter.
  9717 | Gauntlet | Noticed a fire crab
  9721 | Gauntlet | Killed a hell hog
  9729 | Gauntlet | Reached skill level 11 in Armour
  9741 | Gauntlet | Identified the +1 hat of Leapfrog {Rampage}
  9821 | Gauntlet | Reached skill level 8 in Throwing
  9824 | Gauntlet | Killed a fire crab
  9824 | Gauntlet | Reached ****** piety under Okawaru
  9824 | Gauntlet | Received a gift from Okawaru
  9826 | Gauntlet | Found a transporter.
 10087 | Gauntlet | Noticed a minotaur
 10097 | Gauntlet | Killed a minotaur
 10298 | Gauntlet | Identified the +1 leather armour of the Stonemason {Int+8
                  | Dex+6}
 10370 | D:11     | You pick up a book of Conjurations {@e2} and begin
                  | reading...
 10370 | D:11     | You add the spells Magic Dart, Searing Ray and Fulminant
                  | Prism to your library.
 10395 | D:11     | Noticed a two-headed ogre
 10401 | D:11     | Killed a two-headed ogre
 10402 | D:11     | Reached XP level 13. HP: 101/101 MP: 16/16
 10501 | D:11     | Reached skill level 12 in Axes
 10809 | D:11     | Identified the +1 leather armour of Brilliance {*Slow +Inv
                  | Int+4}
 11026 | D:11     | Received a gift from Okawaru
 11388 | D:12     | Reached skill level 12 in Armour
 11424 | D:12     | Reached skill level 10 in Fighting
 11452 | D:12     | Reached skill level 12 in Shields
 11459 | D:12     | Found a staircase to the Orcish Mines.
 11830 | D:12     | Noticed a seven-headed hydra
 11837 | D:12     | Killed a seven-headed hydra
 11842 | D:12     | Noticed a boulder beetle
 11855 | D:12     | Killed a boulder beetle
 11916 | D:12     | Reached skill level 9 in Throwing
 12234 | Orc:1    | Entered Level 1 of the Orcish Mines
 12256 | Orc:1    | Found Wumyrah's Magic Scroll Shop.
 12269 | Orc:1    | HP: 18/103 [orc priest/divine providence (11)]
 12272 | Orc:1    | HP: 6/103 [orc priest/divine providence (13)]
 12286 | Orc:1    | Found a dark tunnel.
 12286 | Orc:1    | Noticed an ettin
 12289 | Orc:1    | HP: 3/104 [orc priest/nerve-wracking pain (8)]
 12295 | Volcano  | Entered a volcano
 12903 | Volcano  | Reached skill level 13 in Axes
 13387 | Volcano  | Received a gift from Okawaru
 13391 | Volcano  | Reached skill level 13 in Armour
 13524 | Volcano  | magus.rc [v1.9.6]
 13568 | Orc:1    | Killed an ettin
 13572 | Orc:1    | Reached XP level 14. HP: 98/111 MP: 17/17
 13579 | Orc:1    | Found Eruozoi's Jewellery Shoppe.
 13720 | Orc:1    | Bought a scroll of enchant weapon for 75 gold pieces
 13765 | Orc:1    | Found a radiant altar of Vehumet.
 14129 | Orc:1    | Found Womemuts's Distillery.
 14136 | Orc:1    | Bought a potion of heal wounds for 70 gold pieces
 14567 | D:13     | Received a gift from Okawaru
 14721 | D:13     | HP: 20/111 [very large slime creature (35)]
 14722 | D:13     | HP: 9/111 [very large slime creature (12)]
 15094 | D:13     | Reached skill level 13 in Shields
 15206 | D:13     | Identified the +0 robe of Happy Babbling {Int+5} (Okawaru
                  | gifted it to you on level 13 of the Dungeon)
 15206 | D:13     | Received a gift from Okawaru
 15207 | D:13     | Reached skill level 11 in Fighting
 15581 | D:13     | You pick up a book of Cantrips and begin reading...
 15581 | D:13     | You add the spells Necrotise and Apportation to your
                  | library.
 16076 | D:14     | Reached skill level 14 in Axes
 16082 | D:14     | Reached skill level 10 in Throwing
 16082 | D:14     | Reached skill level 14 in Armour
 16524 | D:14     | Found a radiant altar of Vehumet.
 17028 | D:14     | You pick up a book of Displacement and begin reading...
 17028 | D:14     | You add the spells Lesser Beckoning, Gell's Gravitas and
                  | Teleport Other to your library.
 17279 | D:14     | Found a gate to the Vaults.
 17453 | D:15     | Entered Level 15 of the Dungeon
 17484 | D:15     | Found a staircase to the Depths.
 17504 | D:15     | Received a gift from Okawaru
 17521 | D:15     | Reached XP level 15. HP: 65/120 MP: 15/18
 17527 | D:15     | Reached skill level 14 in Shields
 17902 | D:15     | Found Cheibriados's Comfort Zone.
 17902 | D:15     | Found a snail-covered altar of Cheibriados.
 18293 | D:15     | Reached skill level 15 in Armour
 18447 | Lair:1   | Entered Level 1 of the Lair of Beasts
 18467 | Lair:1   | You pick up a book of the Tundra and begin reading...
 18467 | Lair:1   | You add the spells Hailstorm and Ice Form to your library.
 18502 | Lair:1   | You pick up a book of Necromancy and begin reading...
 18502 | Lair:1   | You add the spells Vampiric Draining and Agony to your
                  | library.
 18541 | Lair:1   | Noticed Sonja
 18558 | Lair:1   | Killed Sonja
 18559 | Lair:1   | Reached skill level 12 in Fighting
 18669 | Lair:1   | Reached skill level 15 in Axes
 19881 | Lair:2   | Found a staircase to the Snake Pit.
 19907 | Lair:2   | Received a gift from Okawaru
 20232 | Lair:2   | Noticed Maggie
 20247 | Lair:2   | Killed Maggie
 20266 | Lair:2   | Identified the +6 hand axe of Bankruptcy {holy, rN+ Str+5
                  | Dex+2}
 20363 | Lair:2   | Gained mutation: Your spells are a little easier to cast,
                  | but a little less powerful. [potion of mutation]
 20363 | Lair:2   | Gained mutation: You are strong-willed. (Will+) [potion of
                  | mutation]
 20736 | Lair:3   | Received a gift from Okawaru
 20978 | Lair:3   | Found a staircase to the Shoals.
 21075 | Lair:3   | You pick up a book of Maledictions and begin reading...
 21075 | Lair:3   | You add the spells Anguish and Enfeeble to your library.
 21090 | Lair:3   | You fall into a shaft and drop 1 floor!
 21303 | Lair:4   | Reached skill level 16 in Armour
 21777 | Lair:4   | Identified the +1 broad axe of the Twenty Wonders {pain,
                  | *Noise rElec rC+++ rN+}
 22135 | Lair:3   | Reached skill level 15 in Shields
 22508 | Lair:5   | Entered Level 5 of the Lair of Beasts
 22605 | Lair:5   | Reached skill level 16 in Axes
 22632 | Lair:5   | Found a viscous altar of Jiyva.
 22633 | Lair:5   | Found a staircase to the Slime Pits.
 22633 | Lair:5   | Found the +11 plutonium sword {Contam Stlth-}
 22660 | Lair:5   | Received a gift from Okawaru
 22679 | Lair:5   | Reached XP level 16. HP: 129/129 MP: 19/19
 22909 | Lair:5   | You pick up a book of Displacement and begin reading...
 23097 | Lair:5   | Reached skill level 13 in Fighting
 23313 | Lair:5   | Identified the +7 broad axe of Okawaru's Reproof
                  | {antimagic, Stlth+} (Okawaru gifted it to you on level 5 of
                  | the Lair of Beasts)
 23313 | Lair:5   | Received a gift from Okawaru
 24060 | Lair:5   | Received a gift from Okawaru
 24061 | Lair:5   | Found the +4 robe of Folly {Brilliance Will-∞ Int+8}
 24230 | Lair:5   | Identified the amulet of the Distant Future {Spirit -Cast
                  | Will+++ Str-3 Stlth+}
 24547 | Orc:2    | Entered Level 2 of the Orcish Mines
 24718 | Orc:2    | Found a staircase to the Elven Halls.
 24914 | Orc:2    | Noticed Saint Roka
 25284 | Orc:2    | Killed Saint Roka
 25284 | Orc:2    | Received a gift from Okawaru
 25484 | Orc:2    | Reached skill level 17 in Axes
 25484 | Orc:2    | Reached skill level 16 in Shields
 25490 | Orc:2    | Received a gift from Okawaru
 25506 | Orc:2    | Reached skill level 17 in Armour
 25507 | Orc:2    | Identified the +6 executioner's axe of Eternal Vigilance
                  | {vorpal, Int+3} (Okawaru gifted it to you on level 2 of the
                  | Orcish Mines)
 25507 | Orc:2    | Received a gift from Okawaru
 25531 | Orc:2    | Reached XP level 17. HP: 79/138 MP: 4/20
 25534 | Orc:2    | Found Pirgh's Weapon Shop.
 25534 | Orc:2    | Found Obbap's Weapon Shoppe.
 25535 | Orc:2    | Found Zurch's Distillery.
 25535 | Orc:2    | Found Opacopu's Magic Scroll Shoppe.
 25574 | Orc:2    | t - the +6 executioner's axe of Eternal Vigilance {vorpal,
                  | Int+3, axerare=g}
 25732 | Orc:2    | Bought a scroll of acquirement for 728 gold pieces
 25733 | Orc:2    | Acquired a +2 kite shield of protection
 26145 | Elf:1    | Entered Level 1 of the Elven Halls
 26379 | Elf:1    | Found a transporter.
 26391 | Elf:1    | Noticed croobank's ghost (adept GnFE)
 26722 | Snake:1  | Entered Level 1 of the Snake Pit
 26723 | Snake:1  | Noticed Kirke
 26723 | Snake:1  | Identified Roxanne's Guide on the Ground
 26723 | Snake:1  | Noticed Roxanne
 26746 | Snake:1  | Killed Kirke
 26746 | Snake:1  | Received a gift from Okawaru
 26747 | Snake:1  | Reached skill level 14 in Fighting
 27097 | Snake:1  | Received a gift from Okawaru
 27494 | Snake:1  | You pick up a book of Conjurations {@e2} and begin
                  | reading...
 27822 | Snake:2  | Received a gift from Okawaru
 27838 | Snake:2  | Reached skill level 6 in Invocations
 28118 | Snake:2  | Found an ancient bone altar of Kikubaaqudgha.
 28319 | Snake:2  | You pick up a book of Spectacle and begin reading...
 28319 | Snake:2  | You add the spells Dazzling Flash, Iskenderun's Mystic
                  | Blast and Starburst to your library.
 28435 | Snake:2  | Reached skill level 18 in Axes
 28783 | Snake:2  | Reached skill level 17 in Shields
 28836 | Snake:3  | Noticed Donald
 28857 | Snake:3  | HP: 28/140 [Donald/+3 double sword of holy wrath (22)]
 28858 | Snake:3  | Killed Donald
 29199 | Snake:3  | M - a +3 double sword of holy wrath {longrare=g}
 29255 | Snake:3  | Identified the +8 chain mail "Dealuas" {Rampage rPois}
                  | (Okawaru gifted it to you on level 3 of the Snake Pit)
 29255 | Snake:3  | Received a gift from Okawaru
 29256 | Snake:3  | Reached skill level 7 in Invocations
 29449 | Snake:3  | You add the spells Ignite Poison, Mephitic Cloud and
                  | Freezing Cloud to your library.
 29633 | Snake:3  | Noticed Mara
 29656 | Snake:4  | Entered Level 4 of the Snake Pit
 29712 | Snake:4  | You drop a +3 double sword of holy wrath {longrare=g}.
 29713 | Snake:4  | Acquired a manual of Fighting
 29715 | Snake:4  | M - a +3 double sword of holy wrath {longrare=g}
 29719 | Snake:4  | You drop a +3 double sword of holy wrath {longrare=g}.
 29723 | Snake:4  | M - a +3 double sword of holy wrath {longrare=g}
 30192 | Snake:4  | Found Kohilusch's Book Boutique.
 30193 | Snake:4  | Found Detheij's Jewellery Shoppe.
 30193 | Snake:4  | Found Kiseaschamm's Jewellery Shoppe.
 30207 | Snake:4  | Bought the ring "Vessi Roll" {Fly rElec rC+ rN+} for 469
                  | gold pieces
 30549 | Snake:4  | Reached XP level 18. HP: 148/148 MP: 7/23
 30630 | Snake:4  | Reached skill level 15 in Fighting
 30680 | Snake:4  | Reached skill level 8 in Invocations
 30828 | Snake:4  | Reached skill level 18 in Armour
 31108 | Snake:4  | Got a serpentine rune of Zot
 31481 | Shoals:1 | Entered Level 1 of the Shoals
 32505 | Shoals:2 | Received a gift from Okawaru
 32511 | Shoals:2 | Reached skill level 18 in Shields
 32511 | Shoals:2 | Reached skill level 9 in Invocations
 32569 | Shoals:2 | Noticed Polyphemus
 32597 | Shoals:2 | Reached skill level 16 in Fighting
 32604 | Shoals:2 | Killed Polyphemus
 32604 | Shoals:2 | Identified the +2 pair of gloves of Gravitas {Rampage}
                  | (Okawaru gifted it to you on level 2 of the Shoals)
 32604 | Shoals:2 | Received a gift from Okawaru
 32606 | Shoals:2 | You drop a +3 double sword of holy wrath {longrare=g}.
 32891 | Shoals:2 | M - a +3 double sword of holy wrath {longrare=g}
 33797 | Shoals:2 | Noticed a kraken
 33807 | Shoals:2 | Killed a kraken
 34470 | Shoals:3 | Reached skill level 10 in Invocations
 34806 | Shoals:3 | Found a runed translucent gate.
 34806 | Shoals:3 | Found a runed translucent gate.
 34808 | Shoals:3 | Found a runed translucent gate.
 34817 | Shoals:3 | Noticed Bityczex's ghost (adept DEFE)
 34827 | Shoals:3 | Identified the +1 tower shield of Disguise {MP+9 Int+2
                  | Stlth+} (Okawaru gifted it to you on level 3 of the Shoals)
 34827 | Shoals:3 | Received a gift from Okawaru
 34833 | Shoals:3 | Reached XP level 19. HP: 151/159 MP: 6/26
 34833 | Shoals:3 | You drop a +3 double sword of holy wrath {longrare=g}.
 34854 | Shoals:3 | M - a +3 double sword of holy wrath {longrare=g}
 35431 | Shoals:3 | Killed Bityczex's ghost
 35460 | Shoals:3 | You drop a +3 double sword of holy wrath {longrare=g}.
 35462 | Shoals:3 | Could not pick up a +3 double sword of holy wrath
                  | {longrare=g} here; ([A]lways) ignore it?
 35498 | Shoals:4 | Entered Level 4 of the Shoals
 35543 | Shoals:3 | HP: 38/159 [drowned by a water elemental (2)]
 35551 | Shoals:3 | Reached skill level 17 in Fighting
 35900 | Shoals:3 | HP: 37/161 [satyr/arrow (29)]
 35905 | Shoals:3 | HP: 15/161 [satyr/arrow (15)]
 36679 | Elf:1    | Found a transporter.
 37281 | Elf:1    | Noticed a Tzitzimitl
 37290 | Elf:1    | Noticed a Brimstone Fiend
 37563 | Elf:1    | Found a runed translucent gate.
 37563 | Elf:1    | Found a runed translucent gate.
 37563 | Elf:1    | Found a runed translucent gate.
 37563 | Elf:1    | Found a runed translucent gate.
 37563 | Elf:1    | Found a runed translucent gate.
 37567 | Elf:1    | Found a runed translucent gate.
 37576 | Elf:1    | You pick up a book of Blasting and begin reading...
 37720 | Elf:1    | Reached skill level 19 in Shields
 37898 | Elf:2    | Reached skill level 19 in Axes
 37973 | Elf:2    | Found the +9 staff of Olgreb {rPois∞}
 37981 | Elf:2    | Reached skill level 19 in Armour
 38125 | Elf:2    | Reached skill level 11 in Invocations
 38181 | Elf:2    | Identified the +1 chain mail "Hilaoqat" {rPois rC+ Str+2}
                  | (Okawaru gifted it to you on level 2 of the Elven Halls)
 38181 | Elf:2    | Received a gift from Okawaru
 39008 | Elf:2    | Noticed Jorgrun
 39022 | Elf:2    | Killed Jorgrun
 39184 | Elf:2    | Found a runed translucent gate.
 39184 | Elf:2    | Found a runed translucent gate.
 39184 | Elf:2    | Found a runed translucent gate.
 39200 | Elf:2    | Reached skill level 18 in Fighting
 39212 | Elf:2    | Reached XP level 20. HP: 170/170 MP: 8/28
 39378 | Elf:2    | M - a +0 executioner's axe of distortion {!waxerare=g}
 39978 | Elf:2    | your +0 executioner's axe of distortion {!waxerare=g} is
                  | engulfed in flames!
 39978 | Elf:2    | M - a +0 executioner's axe of flaming {!waxerare=g}
 39979 | Elf:2    | Acquired the +14 tower shield of Beloved Happiness {rC-
                  | Int+4 Dex+3}
 39992 | Elf:2    | your +0 executioner's axe of flaming {!waxerare=g} glows
                  | red for a moment.
 39993 | Elf:2    | your +1 executioner's axe of flaming {!waxerare=g} glows
                  | red for a moment.
 39994 | Elf:2    | your +2 executioner's axe of flaming {!waxerare=g} glows
                  | red for a moment.
 39995 | Elf:2    | your +3 executioner's axe of flaming {!waxerare=g} glows
                  | red for a moment.
 39996 | Elf:2    | your +4 executioner's axe of flaming {!waxerare=g} glows
                  | red for a moment.
 39997 | Elf:2    | your +5 executioner's axe of flaming {!waxerare=g} glows
                  | red for a moment.
 39999 | Elf:2    | You drop a +6 executioner's axe of flaming {!waxerare=g}.
 40000 | Elf:2    | M - a +6 executioner's axe of flaming {!waxerare=g}
 40002 | Elf:2    | M - a +6 executioner's axe of flaming {!waxerare=g}
 40002 | Elf:2    | d - a +6 executioner's axe of flaming {!waxerare=g}
 40113 | Elf:3    | Entered Level 3 of the Elven Halls
 40169 | Elf:3    | Received a gift from Okawaru
 40172 | Elf:3    | h - a +0 eveningstar of draining {macerare=g}
 40173 | Elf:3    | You drop a +0 eveningstar of draining {macerare=g}.
 40196 | Elf:3    | h - a +0 eveningstar of draining {macerare=g}
 40238 | Elf:3    | Found an ancient bone altar of Kikubaaqudgha.
 40506 | Elf:3    | Reached skill level 12 in Invocations
 41155 | Elf:3    | Identified the ring "Yploip" {Fly rN+++ Str-5 Dex+4 Stlth+}
 41187 | Elf:3    | Identified the amulet "Fiech" {Reflect +Blink SH+5}
 41223 | Elf:3    | Noticed a Tzitzimitl
 41564 | Elf:3    | Identified the +0 chain mail of the Doldrums {Str-4 Int+9
                  | Dex-2}
 41564 | Elf:3    | Identified the ring "Zureulo" {Fly rPois Str+5}
 41574 | Elf:3    | Identified the ring "Ocvin" {rCorr MP+9 Int+2 SInv}
 41575 | Elf:3    | Reached skill level 20 in Axes
 41604 | Elf:3    | Received a gift from Okawaru
 41886 | Elf:3    | Identified the +3 leather armour of Dioroinn {Rampage
                  | Int+2}
 41886 | Elf:3    | a deep elf blademaster comes into view. It is wielding two
                  | +0 rapiers, wearing the +3 leather armour of Dioroinn
                  | {Rampage Int+2} and wearing the amulet of the Four Winds
                  | {rN+ Will+++ Clar}.
 41890 | Elf:3    | Identified the amulet of Appebloc {Spirit rPois rC+ MP+9
                  | Int+2}
 41891 | Elf:3    | Reached skill level 19 in Fighting
 41896 | Elf:3    | Noticed a Hell Sentinel
 41929 | Elf:3    | Received a gift from Okawaru
 41942 | Elf:3    | Reached skill level 20 in Shields
 41943 | Elf:3    | HP: 35/174 [deep elf annihilator/bolt of lightning (12)]
 41945 | Elf:3    | Noticed a Brimstone Fiend
 42457 | Elf:3    | HP: 41/174 [poisoned by a green death (bolt of poison)]
 42462 | Elf:3    | HP: 21/174 [poisoned by a green death (bolt of poison)]
 43191 | Elf:3    | You pick up a book of Callings and begin reading...
 43222 | Elf:3    | Found the +3 giant club "Skullcrusher" {speed, Str+7}
 43246 | Elf:3    | Identified the +0 ring mail of Valiance {*Corrode rF+++
                  | rC+++ Int-4}
 43248 | Elf:3    | You pick up a book of Blasting and begin reading...
 43257 | Elf:3    | You drop a +0 eveningstar of draining {macerare=g}.
 43403 | Elf:1    | Killed croobank's ghost
 43499 | Elf:1    | Identified the ring of Kozemir {Fly Dex+4}
 43801 | Shoals:3 | Reached XP level 21. HP: 148/180 MP: 10/30
 44006 | Shoals:4 | HP: 35/180 [faun/+0 quarterstaff (20)]
 44663 | Shoals:4 | HP: 30/181 [satyr/arrow (21)]
 45071 | Shoals:4 | Reached skill level 20 in Armour
 45414 | Shoals:4 | Received a gift from Okawaru
 45566 | Shoals:4 | Identified a +0 crystal plate armour
 45567 | Shoals:4 | E - a +0 crystal plate armour {rare=g}
 45795 | Shoals:4 | Identified the +1 ring mail "Veich" {rF- rC+ Int+4 Stlth+}
 45811 | Shoals:4 | Got a barnacled rune of Zot
 46312 | D:14     | You drop a +0 crystal plate armour {rare=g}.
 46353 | Depths:1 | Entered Level 1 of the Depths
 46368 | Depths:1 | Reached skill level 21 in Axes
 46395 | Depths:1 | HP: 31/182 [frost giant/bolt of cold (21)]
 46826 | Depths:1 | Identified the +1 scale mail "Ylonu" {rF+++ rN+ rCorr
                  | Dex-4} (Okawaru gifted it to you on level 1 of the Depths)
 46826 | Depths:1 | Received a gift from Okawaru
 47088 | Depths:1 | Found a one-way gate leading to the halls of Pandemonium.
 47199 | Depths:1 | Reached skill level 21 in Shields
 47301 | Depths:1 | Reached skill level 20 in Fighting
 47367 | Depths:1 | Identified a +0 robe of the Archmagi
 47388 | Depths:1 | Reached XP level 22. HP: 142/190 MP: 10/31
 47563 | Depths:1 | Found a gateway to Hell.
 47597 | Depths:1 | magus.rc [v1.9.6]
 47737 | Depths:1 | You pick up a book of Touch and begin reading...
 47737 | Depths:1 | You add the spells Sticky Flame and Dispel Undead to your
                  | library.
 47752 | Depths:1 | You pick up a book of Ice and begin reading...
 47982 | Depths:2 | Identified the +1 robe of Ebletuasy {*Slow rF+ rN+ Stlth+}
                  | (Okawaru gifted it to you on level 2 of the Depths)
 47982 | Depths:2 | Received a gift from Okawaru
 48021 | Depths:2 | your +6 executioner's axe of flaming {!waxerare=g} glows
                  | red for a moment.
 48023 | Depths:2 | your +7 executioner's axe of flaming {!waxerare=g} bursts
                  | into flame!
 48023 | Depths:2 | d - a +7 executioner's axe of flaming (weapon)
                  | {!waxerare=g}
 48359 | Depths:2 | You pick up a book of Flames and begin reading...
 48359 | Depths:2 | You add the spells Foxfire, Conjure Flame, Inner Flame and
                  | Flame Wave to your library.
 48550 | Depths:2 | You pick up a book of Geomancy and begin reading...
 48550 | Depths:2 | You add the spells Sandblast, Passwall and Stone Arrow to
                  | your library.
 48640 | Depths:2 | Noticed a juggernaut
 48650 | Depths:2 | Killed a juggernaut
 48780 | Depths:2 | Reached skill level 22 in Axes
 48990 | Depths:2 | Noticed a caustic shrike
 49004 | Depths:2 | Killed a caustic shrike
 49243 | Depths:2 | Identified the +8 long sword "Vuntef" {pain, Str+3}
 49496 | Depths:2 | Noticed a golden dragon
 49502 | Depths:2 | Killed a golden dragon
 49860 | Depths:3 | Identified a potion of experience
 49870 | Depths:3 | Reached skill level 21 in Armour
 49870 | Depths:3 | Reached XP level 23. HP: 198/198 MP: 32/32
 49931 | Depths:3 | Reached skill level 22 in Shields
 49933 | Depths:3 | Noticed Vv
 49959 | Depths:3 | Killed Vv
 50577 | Depths:3 | Received a gift from Okawaru
 50673 | Depths:3 | Reached XP level 24. HP: 191/206 MP: 32/32
 50676 | Depths:3 | Identified the +6 chain mail "Igosut" {rC+} (Okawaru gifted
                  | it to you on level 3 of the Depths)
 50676 | Depths:3 | Received a gift from Okawaru
 50851 | Depths:3 | Noticed a golden dragon
 50858 | Depths:3 | Killed a golden dragon
 50858 | Depths:3 | Identified +0 gold dragon scales
 50859 | Depths:3 | Reached skill level 21 in Fighting
 50860 | Depths:3 | +0 gold dragon scales {rare}; a golden dragon corpse
 50864 | Depths:3 | +0 gold dragon scales {rare}; a golden dragon corpse
 50864 | Depths:3 | O - +0 gold dragon scales {rare}
 50865 | Depths:3 | You drop +0 gold dragon scales {rare}.
 50884 | Depths:3 | Noticed a caustic shrike
 50885 | Depths:3 | Noticed a caustic shrike
 50894 | Depths:3 | Killed a caustic shrike
 50898 | Depths:3 | Killed a caustic shrike
 50921 | Depths:3 | Identified the ring "Acwacs" {Ice Will- Str+4 Dex+6 Stlth+}
 51120 | Depths:3 | Gained mutation: Your magical capacity is low. (-10% MP) [a
                  | shining eye]
 51226 | Depths:3 | Found a one-way gate to the infinite horrors of the Abyss.
 51716 | Depths:4 | Entered Level 4 of the Depths
 51868 | Depths:4 | Found a one-way gateway to a ziggurat.
 51894 | Depths:4 | Reached skill level 23 in Axes
 51995 | Depths:4 | Found the ring of the Hare {EV+8}
 52133 | Depths:4 | Found a gate to the Realm of Zot.
 52519 | Depths:4 | You pick up a book of Weapons and begin reading...
 52519 | Depths:4 | You add the spells Portal Projectile and Blade Hands to
                  | your library.
 53231 | D:14     | U - a +0 crystal plate armour {rare=g}
 53233 | Vaults:1 | Entered Level 1 of the Vaults
 53355 | Vaults:1 | Received a gift from Okawaru
 53476 | Vaults:1 | Identified the +4 chain mail of the Past {Int+3} (Okawaru
                  | gifted it to you on level 1 of the Vaults)
 53476 | Vaults:1 | Received a gift from Okawaru
 53477 | Vaults:1 | Reached skill level 23 in Shields
 53936 | Vaults:1 | Reached skill level 22 in Armour
 54202 | Vaults:2 | Reached XP level 25. HP: 205/215 MP: 28/28
 54464 | Vaults:2 | You pick up a book of Burglary and begin reading...
 55270 | Vaults:2 | You pick up a book of Armaments and begin reading...
 55347 | Vaults:2 | Found Wamen's Magic Scroll Boutique.
 55633 | Vaults:3 | Received a gift from Okawaru
 55634 | Vaults:3 | Reached skill level 24 in Axes
 55704 | Vaults:3 | Received a gift from Okawaru
 55745 | Vaults:3 | Reached skill level 22 in Fighting
 55785 | Vaults:3 | Identified the +5 scale mail of Suntu {rElec Regen+}
                  | (Okawaru gifted it to you on level 3 of the Vaults)
 55785 | Vaults:3 | Received a gift from Okawaru
 55848 | Vaults:3 | Reached skill level 24 in Shields
 55906 | Vaults:3 | Noticed a dread lich
 55915 | Vaults:3 | Killed a dread lich
 56211 | Vaults:3 | You drop a +0 crystal plate armour {rare=g}.
 56213 | Vaults:3 | You drop the +6 executioner's axe of Eternal Vigilance
                  | {vorpal, Int+3, axerare=g}.
 56222 | Vaults:3 | Could not pick up the +6 executioner's axe of Eternal
                  | Vigilance {vorpal, Int+3, axerare=g} and a +0 crystal plate
                  | armour {rare=g} here; ([A]lways) ignore them?
 56271 | Vaults:3 | Identified the +7 spear of Truth {holy, Str+3}
 56486 | Vaults:3 | Found Puozo's Armour Boutique.
 56504 | Vaults:3 | Bought a +2 pair of boots of stealth for 322 gold pieces
 56616 | Vaults:3 | Identified the +9 longbow "Glorpo" {speed, rCorr}
 56657 | Vaults:3 | Reached skill level 23 in Armour
 56657 | Vaults:3 | Reached XP level 26. HP: 210/226 MP: 28/28
 56717 | Vaults:3 | Found a staircase to the Crypt.
 56799 | Vaults:3 | Reached skill level 1 in Dodging
 57162 | Vaults:3 | Found a runed translucent gate.
 57162 | Vaults:3 | Noticed wjh11's ghost (veteran MiBe)
 57163 | Vaults:3 | Found a runed translucent gate.
 57163 | Vaults:3 | Found a runed translucent gate.
 57163 | Vaults:3 | Noticed DizzySkin's ghost (veteran MiBe)
 57193 | Vaults:4 | Found Itzampeqi's Jewellery Emporium.
 57531 | Vaults:4 | Reached skill level 2 in Dodging
 58135 | Vaults:4 | Reached skill level 3 in Dodging
 58268 | Vaults:4 | Received a gift from Okawaru
 58402 | Vaults:5 | Entered Level 5 of the Vaults
 58461 | Vaults:4 | Reached skill level 23 in Fighting
 58565 | Vaults:5 | Reached skill level 4 in Dodging
 58565 | Vaults:5 | Reached skill level 25 in Shields
 58805 | Vaults:5 | Identified the +4 glaive of the Magi {vorpal, +Blink Will+
                  | Stlth+}
 58835 | Vaults:5 | Received a gift from Okawaru
 59029 | Vaults:5 | Identified the +1 scale mail of Hedonism {rElec rPois
                  | Int-2}
 59032 | Vaults:5 | Got a silver rune of Zot
 59145 | Vaults:5 | Reached skill level 5 in Dodging
 59380 | Vaults:5 | Noticed a dread lich
 59388 | Vaults:5 | Killed a dread lich
 59388 | Vaults:5 | Received a gift from Okawaru
 59534 | Vaults:5 | Identified the +1 war axe "Dupuvvar" {vorpal, rPois rC+}
                  | (Okawaru gifted it to you on level 5 of the Vaults)
 59534 | Vaults:5 | Received a gift from Okawaru
 59553 | Vaults:5 | Reached XP level 27. HP: 227/236 MP: 28/28
 59561 | Vaults:5 | Reached skill level 6 in Dodging
 59567 | Vaults:5 | Identified the +9 quarterstaff of Past Mistakes {flame,
                  | Str+5}
 59610 | Vaults:5 | Identified the +4 buckler of the Lizard {Fly rF+ Int-2
                  | Stlth+}
 59657 | Vaults:5 | Lost mutation: Your magical capacity is low. (-10% MP) [a
                  | shining eye]
 59731 | Vaults:5 | Identified the amulet of Wutell {Drain +Inv rN+ Regen+}
 59881 | Vaults:5 | You pick up a book of Vapours and begin reading...
 59881 | Vaults:5 | You add the spells Poisonous Vapours and Corpse Rot to your
                  | library.
 59952 | Vaults:5 | Acquired a manual of Throwing
 60086 | Vaults:5 | Identified the +1 robe "Abekhag" {Str+6}
 60366 | Vaults:5 | Identified the ring "Zemoda" {rPois MP+9 SInv}
 60381 | Vaults:5 | Reached skill level 24 in Armour
 60429 | Vaults:5 | You pick up a book of Vapours and begin reading...
 60651 | Crypt:1  | Entered Level 1 of the Crypt
 60790 | Crypt:1  | your +7 executioner's axe of flaming {!waxerare=g} glows
                  | red for a moment.
 60911 | Crypt:1  | Noticed a curse skull
 60921 | Crypt:1  | Killed a curse skull
 61359 | Crypt:1  | Reached skill level 7 in Dodging
 61404 | Crypt:1  | Received a gift from Okawaru
 61404 | Crypt:1  | Found the +8 Wrath of Trog {antimagic, *Rage Rampage}
 61607 | Crypt:1  | Noticed a curse skull
 61617 | Crypt:1  | Killed a curse skull
 61618 | Crypt:1  | Reached skill level 26 in Shields
 62171 | Crypt:2  | Identified a +0 robe of the Archmagi
 62171 | Crypt:2  | Noticed Boris
 62182 | Crypt:2  | Killed Boris
 62185 | Crypt:2  | Noticed a curse skull
 62187 | Crypt:2  | HP: 54/237 [??? (34)]
 62190 | Crypt:2  | Noticed an ancient lich
 62192 | Crypt:2  | Killed a curse skull
 62201 | Crypt:2  | Killed an ancient lich
 62202 | Crypt:2  | Reached skill level 24 in Fighting
 62207 | Crypt:2  | Noticed a curse skull
 62211 | Crypt:2  | Killed a curse skull
 62549 | Crypt:2  | Noticed a curse skull
 62559 | Crypt:2  | Killed a curse skull
 63039 | Crypt:2  | Received a gift from Okawaru
 63085 | Crypt:2  | your +8 executioner's axe of flaming {!waxerare=g} glows
                  | red for a moment.
 63186 | Crypt:2  | Reached skill level 8 in Dodging
 63351 | Crypt:3  | Entered Level 3 of the Crypt
 63368 | Crypt:3  | Noticed Zenata
 63388 | Crypt:3  | Killed Zenata
 63390 | Crypt:3  | c - a +2 eveningstar {macerare=g}
 63523 | Crypt:3  | Identified the amulet "Lifiulat" {Reflect Harm SH+5}
 63764 | Crypt:3  | Received a gift from Okawaru
 63951 | Crypt:3  | Received a gift from Okawaru
 64029 | Crypt:3  | Found a staircase to the Tomb.
 64379 | Crypt:3  | Identified the ring of Eternity {rN+ rCorr}
 64379 | Crypt:3  | Identified the ring "Dejicou" {rC+ rN+ Dex+3}
 64384 | Crypt:3  | You drop a +2 eveningstar {macerare=g}.
 64386 | Crypt:3  | c - a +2 eveningstar {macerare=g}
 64434 | Crypt:3  | You drop a +2 eveningstar {macerare=g}.
 64449 | Crypt:3  | c - a +2 eveningstar {macerare=g}
 64752 | Crypt:3  | You pick up a book of Dangerous Friends and begin
                  | reading...
 64753 | Crypt:3  | Identified the +2 pair of gloves "Riurghup" {Harm Will++
                  | Str-5 Slay+2}
 64825 | Crypt:3  | Received a gift from Okawaru
 64868 | Crypt:3  | Found a basalt altar of Yredelemnul.
 65259 | Crypt:3  | Noticed a curse skull
 65276 | Crypt:3  | Killed a curse skull
 65277 | Crypt:3  | Reached skill level 9 in Dodging
 65606 | Crypt:3  | Received a gift from Okawaru
 65639 | Crypt:3  | Found the ring of Shadows {Umbra +Inv Stlth+}
 65640 | Crypt:3  | Noticed a curse skull
 65652 | Crypt:3  | Killed a curse skull
 65844 | Crypt:3  | You add the spells Borgnjor's Revivification, Necromutation
                  | and Death's Door to your library.
 65845 | Crypt:3  | Identified a +2 crystal plate armour
 65846 | Crypt:3  | B - a +2 crystal plate armour {rare=g}
 65848 | Crypt:3  | You drop a +2 crystal plate armour {rare=g}.
 65849 | Crypt:3  | B - a +2 crystal plate armour {rare=g}
 65947 | Tomb:1   | Entered Level 1 of the Tomb of the Ancients
 66051 | Tomb:1   | Reached skill level 27 in Shields
 66057 | Tomb:1   | Received a gift from Okawaru
 66633 | Tomb:1   | Reached skill level 25 in Armour
 66692 | Tomb:1   | Noticed a royal mummy
 66693 | Tomb:1   | HP: 58/237 [??? (36)]
 66695 | Tomb:1   | HP: 26/238 [revenant (14)]
 66699 | Arena    | Entered the Arena
 66721 | Tomb:1   | HP: 50/236 [torment (31)]
 66724 | Tomb:1   | Killed a royal mummy
 67231 | Tomb:1   | Identified the +4 arbalest "Mifito" {elec, rC+ Stlth+}
 68042 | Tomb:2   | Noticed a royal mummy
 68042 | Tomb:2   | Noticed a royal mummy
 68044 | Tomb:2   | Noticed a royal mummy
 68046 | Tomb:2   | Noticed a royal mummy
 68050 | Tomb:2   | Noticed a royal mummy
 68055 | Tomb:2   | Killed a royal mummy
 68057 | Tomb:2   | Killed a royal mummy
 68058 | Tomb:2   | Reached skill level 25 in Fighting
 68058 | Tomb:2   | Reached skill level 10 in Dodging
 68059 | Tomb:2   | HP: 40/241 [??? (25)]
 68061 | Tomb:2   | HP: 4/241 [death scarab[a royal mummy] (19)]
 68065 | Arena    | Entered the Arena
 68076 | Arena    | Killed a royal mummy
 68076 | Arena    | HP: 2/241 [something (33)]
 68104 | Tomb:2   | Killed a royal mummy
 68104 | Tomb:2   | HP: 59/241 [something (17)]
 68112 | Tomb:2   | Killed a royal mummy
 68124 | Tomb:2   | Noticed Boris
 68153 | Tomb:2   | HP: 22/242 [Boris/bolt of cold (35)]
 68155 | Tomb:2   | Blown up by Boris

Vanquished Creatures
  2 dread liches
  An ancient lich (Crypt:2)
  A juggernaut (Depths:2)
  Vv (Depths:3)
  Boris (Crypt:2)
  6 royal mummies
  Saint Roka (Orc:2)
  3 caustic shrikes
  2 golden dragons
  A profane servitor (Crypt:3)
  3 bone dragons
  Jorgrun (Elf:2)
  Zenata (Crypt:3)
  6 tentacled monstrosities
  A walking earthen tome (Depths:3)
  2 quicksilver dragons
  A shard shrike skeleton (Crypt:1)
  3 deep elf blademasters
  3 liches
  2 deep elf master archers (Elf:3)
  3 titans (Vaults:5)
  A walking frostbound tome (Depths:3)
  2 krakens
  3 ancient champions
  Kirke (Snake:1)
  19 sphinxes
  Polyphemus (Shoals:2)
  The ghost of croobank the Thaumaturge, an adept GnFE of Gozag (Elf:1)
  2 storm dragons
  Donald (Snake:3)
  3 shadow dragons (Vaults:5)
  5 tengu reavers
  5 revenants
  A fenstrider witch (shapeshifter) (Vaults:5)
  11 fire giants
  A draconian knight (Depths:4)
  An orc warlord (Orc:2)
  5 nagarajas (Snake:4)
  4 frost giants
  A caustic shrike zombie (Crypt:3)
  A cacodemon (Depths:4)
  An iron dragon (Elf:1)
  6 deep elf sorcerers
  A draconian stormcaller (Depths:4)
  The ghost of Bityczex the Eclecticist, an adept DEFE of Sif Muna (Shoals:3)
  A draconian shifter (Depths:4)
  3 deep elf elementalists (Elf:3)
  17 vault wardens
  21 ironbound preservers
  5 ghouls (Crypt:3)
  7 curse skulls
  A caustic shrike skeleton (Depths:1)
  2 war gargoyles
  7 ironbound thunderhulks
  2 spriggan defenders (Depths:4)
  20 very ugly things
  2 bennus (Tomb:1)
  11 stone giants
  10 deep elf demonologists
  7 vampire knights
  2 entropy weavers
  10 deep elf annihilators (Elf:3)
  A yellow draconian (Depths:4)
  2 purple draconians (Depths:4)
  11 dire elephants
  A red draconian (Depths:4)
  4 minotaurs
  12 eidola
  3 deep elf death magi
  6 merfolk javelineers
  Josephine (D:10)
  An ettin (shapeshifter) (Depths:3)
  7 fire dragons
  7 merfolk impalers
  12 mummy priests
  9 jiangshi
  14 ettins
  6 great orbs of eyes
  2 crystal guardians
  7 deep elf high priests
  10 yaktaur captains
  A spriggan zombie (Crypt:3)
  3 boulder beetles
  39 vault guards
  2 peacekeepers
  3 salamander tyrants
  6 hydras
  5 ice dragons
  A catoblepas (Shoals:2)
  6 spriggan air magi
  6 ogre magi
  4 merfolk avatars
  3 rakshasas
  6 ironbound frosthearts
  8 death knights
  2 alligator snapping turtles
  18 two-headed ogres
  An anaconda (shapeshifter) (Elf:1)
  7 anacondas
  A radroach (shapeshifter) (Vaults:5)
  7 naga warriors
  29 dancing weapons
  8 centaur warriors
  A satyr (shapeshifter) (Vaults:5)
  16 satyrs
  4 merfolk aquamancers
  17 death scarabs
  A hell hog (Gauntlet)
  An azure jelly zombie (Crypt:2)
  8 deep troll shamans
  2 titan zombies
  6 shock serpents
  2 death yaks (Shoals:2)
  9 deep troll earth magi
  6 vampire magi
  4 tengu warriors
  A quicksilver ooze zombie (Crypt:2)
  5 spriggans
  8 spriggan berserkers
  4 naga sharpshooters
  8 sun demons (Depths:3)
  Sonja (Lair:1)
  9 hell knights
  A titan skeleton (Vaults:3)
  2 soul eaters
  A fire crab (Gauntlet)
  11 iron trolls
  15 deep elf knights
  A salamander mystic (Snake:4)
  3 anaconda zombies
  37 skeletal warriors
  7 flayed ghosts
  10 lindwurms
  A golden dragon zombie (D:15)
  3 glowing orange brains
  61 deep trolls
  3 sea snakes
  A spectral hydra (Gauntlet)
  A swamp dragon (Lair:5)
  26 phantasmal warriors
  2 naga ritualists (Snake:2)
  23 deep elf archers
  29 harpies
  11 wizards
  7 necromancers
  7 wolf spiders
  20 deep elf zephyrmancers
  20 ironbound convokers
  2 stone giant zombies
  8 salamanders
  A shining eye (shapeshifter) (Vaults:5)
  A cyclops (shapeshifter) (Depths:1)
  An iron dragon zombie (Crypt:1)
  7 mana vipers
  14 fauns
  A sphinx skeleton (Depths:1)
  34 deep elf pyromancers
  4 orc sorcerers
  52 ugly things
  3 moths of wrath (Elf:1)
  A jorogumo skeleton (Crypt:1)
  A shining eye (Depths:3)
  8 cyclopes
  2 frost giant skeletons
  23 manticores
  10 elephants
  9 naga magi
  An iron dragon skeleton (Crypt:2)
  4 naga zombies (Crypt:3)
  2 fire giant skeletons
  A rust devil (Depths:4)
  10 merfolk sirens
  An eleionoma skeleton (Crypt:2)
  20 vault sentinels
  32 black mambas
  3 centaur zombies (Crypt:3)
  2 human skeletons (Vaults:3)
  2 torpor snails
  13 cane toads
  8 water nymphs
  An eye of devastation (shapeshifter) (Depths:2)
  A smoke demon (Depths:3)
  2 unseen horrors
  An eye of devastation (Depths:3)
  2 guardian serpents
  A hellion (Depths:3)
  Joseph (D:7)
  2 gargoyles
  2 elf skeletons (Vaults:3)
  6 rime drakes
  2 yaktaurs (shapeshifter)
  11 freezing wraiths
  2 kobold demonologists
  16 guardian mummies
  7 komodo dragons
  Maggie (Lair:2)
  An efreet (D:14)
  A black draconian zombie (Crypt:2)
  A komodo dragon (shapeshifter) (D:15)
  3 tengu conjurers
  3 spectral merfolk (Shoals:3)
  16 yaktaurs
  A yaktaur skeleton (Vaults:3)
  An ice devil (Depths:4)
  4 trolls
  A queen bee (shapeshifter) (D:14)
  2 harpy zombies (Crypt:3)
  28 merfolk
  7 hornets
  A hornet (shapeshifter) (Depths:2)
  A polar bear (Lair:4)
  4 wind drakes
  The ghost of Mickster the Slasher, an amateur DrWn of Qazlal (D:7)
  2 ettin zombies
  A sphinx simulacrum (Depths:1)
  A death drake skeleton (Crypt:1)
  A jumping spider zombie (Crypt:2)
  30 slime creatures
  7 blink frogs
  13 dream sheep
  6 snapping turtles
  16 flying skulls
  2 jumping spiders (Crypt:3)
  15 wraiths
  3 air elementals
  A culicivora (Vaults:5)
  A jumping spider (shapeshifter) (Elf:1)
  27 water elementals
  2 shadows
  2 culicivoras (shapeshifter) (Elf:1)
  A deep troll skeleton (Vaults:3)
  12 wyverns
  2 ushabtiu
  3 hogs (Snake:1)
  3 humans (Snake:1)
  A yak (shapeshifter) (Elf:1)
  A ynoxinul (Gauntlet)
  11 fire elementals
  76 yaks
  10 fire bats (Gauntlet)
  Grum (D:10)
  A vampire (D:11)
  A hog (shapeshifter) (Elf:1)
  6 redbacks
  7 basilisks
  A chaos spawn (Depths:1)
  3 steam dragons (Lair:5)
  2 redbacks (shapeshifter) (Elf:1)
  2 sea snake simulacra (Shoals:3)
  10 vampire mosquitoes
  3 wargs
  A merfolk zombie (Crypt:2)
  A harpy simulacrum (Shoals:3)
  7 hell hounds
  29 nagas
  2 acid dragons (Lair:5)
  24 water moccasins
  2 floating eyes (Depths:2)
  Duvessa (D:7)
  2 glowing shapeshifter skeletons (Vaults:3)
  A sky beast (D:7)
  A floating eye zombie (D:15)
  An ogre skeleton (Vaults:3)
  A satyr simulacrum (Shoals:3)
  A black bear (Lair:4)
  19 orc warriors
  27 wolves
  A hog zombie (Crypt:1)
  7 centaurs
  31 ogres
  A dream sheep skeleton (Crypt:1)
  4 kobold brigands
  5 phantoms
  A hog skeleton (Crypt:1)
  Blork the orc (D:4)
  14 bullfrogs
  A gnoll sergeant (D:9)
  3 earth elementals
  14 necrophages
  A merfolk simulacrum (Shoals:3)
  A draconian skeleton (Crypt:2)
  2 scorpions
  9 wights
  6 wyvern skeletons (Crypt:3)
  Dowan (D:7)
  5 killer bees (D:11)
  2 manticore simulacra (Shoals:3)
  7 howler monkeys
  13 electric eels
  3 jellies
  14 orc priests
  A centaur skeleton (Crypt:2)
  4 hounds
  2 iron imps (Gauntlet)
  A black bear zombie (Crypt:1)
  2 gnoll boudas
  17 orc wizards
  8 iguanas
  Natasha (thrice) (D:3)
  A boggart skeleton (Crypt:2)
  6 ogre zombies (D:12)
  24 mummies
  A howler monkey zombie (Crypt:1)
  13 gnolls
  5 adders
  A shadow imp (D:7)
  2 white imps
  3 dart slugs
  61 orcs
  7 bats
  9 endoplasms
  4 giant cockroaches
  9 goblins
  6 hobgoblins
  7 jackals
  20 kobolds
  4 quokkas
  8 ball pythons
  2 frilled lizards
  4 goblin zombies (D:12)
  5 hobgoblin zombies (D:12)
  2 orc skeletons (D:12)
  8 orc zombies (D:12)
  4 tentacles
  2 withered plants (Crypt:3)
2174 creatures vanquished.

Vanquished Creatures (others)
  2 fire giants (Depths:2)
  A merfolk aquamancer (Shoals:3)
  A wizard (Vaults:1)
  3 deep elf pyromancers
  3 manticores
  Maurice (D:8)
  A salamander (Snake:2)
  A water nymph (Shoals:4)
  4 merfolk (Shoals:4)
  A hornet (Depths:3)
  A water elemental (Shoals:3)
  An orc wizard (Elf:1)
  A kobold (D:10)
  6 bushes
  18 fungi
  119 plants
  6 tentacles
  26 withered plants
196 creatures vanquished.

Grand Total: 2370 creatures vanquished

Table legend:
 A = Non-vault XP
 B = Vault XP
 C = Vault XP percentage of total XP
 D = Non-vault monster count
 E = Vault monster count
 F = Vault count percentage of total count
                 A         B        C        D         E       F
            +---------+---------+-------+---------+---------+-------
      Total |  606611 |  583949 |  49.0 |    1306 |     876 |  40.1
            +---------+---------+-------+---------+---------+-------
        D:1 |      64 |       0 |   0.0 |      26 |       0 |   0.0
        D:2 |      32 |       0 |   0.0 |      17 |       0 |   0.0
        D:3 |      92 |      35 |  27.6 |      12 |       1 |   7.7
        D:4 |     252 |      91 |  26.5 |      25 |       1 |   3.8
        D:5 |     582 |      59 |   9.2 |      17 |       4 |  19.0
        D:6 |     493 |       0 |   0.0 |      15 |       0 |   0.0
        D:7 |     825 |     879 |  51.6 |      24 |       4 |  14.3
        D:8 |    2048 |     752 |  26.9 |      22 |       2 |   8.3
        D:9 |    3230 |    2590 |  44.5 |      23 |      15 |  39.5
       D:10 |    4174 |    2226 |  34.8 |      20 |       9 |  31.0
       D:11 |    4991 |       0 |   0.0 |      26 |       0 |   0.0
       D:12 |    4208 |    1902 |  31.1 |      22 |      30 |  57.7
       D:13 |    7493 |       0 |   0.0 |      17 |       0 |   0.0
       D:14 |   10421 |    4846 |  31.7 |      25 |       7 |  21.9
       D:15 |    4942 |    4674 |  48.6 |      11 |       8 |  42.1
     Lair:1 |    1180 |    2117 |  64.2 |       8 |       8 |  50.0
     Lair:2 |    7339 |    2633 |  26.4 |      31 |      10 |  24.4
     Lair:3 |    3240 |    2461 |  43.2 |      17 |       7 |  29.2
     Lair:4 |    5820 |     468 |   7.4 |      23 |       3 |  11.5
     Lair:5 |   11989 |   16520 |  57.9 |      47 |      61 |  56.5
   Shoals:1 |    7855 |       0 |   0.0 |      16 |       0 |   0.0
   Shoals:2 |   19813 |    3825 |  16.2 |      36 |       4 |  10.0
   Shoals:3 |   24230 |   13034 |  35.0 |      53 |      26 |  32.9
   Shoals:4 |   15058 |   22269 |  59.7 |      34 |      32 |  48.5
    Snake:1 |    7443 |    2075 |  21.8 |      15 |       4 |  21.1
    Snake:2 |   16859 |       0 |   0.0 |      31 |       0 |   0.0
    Snake:3 |    9048 |    1407 |  13.5 |      17 |       1 |   5.6
    Snake:4 |    7194 |   16023 |  69.0 |      14 |      30 |  68.2
      Orc:1 |    3496 |     125 |   3.5 |      39 |       1 |   2.5
      Orc:2 |    3328 |   20874 |  86.2 |      25 |      49 |  66.2
      Elf:1 |   10167 |   22726 |  69.1 |      19 |      45 |  70.3
      Elf:2 |   22513 |   25973 |  53.6 |      36 |      32 |  47.1
      Elf:3 |   20352 |   31745 |  60.9 |      32 |      29 |  47.5
   Vaults:1 |   23635 |   17060 |  41.9 |      36 |      20 |  35.7
   Vaults:2 |   28109 |   13271 |  32.1 |      35 |      14 |  28.6
   Vaults:3 |   39798 |   49256 |  55.3 |      55 |      66 |  54.5
   Vaults:4 |   32465 |   20623 |  38.8 |      43 |      24 |  35.8
   Vaults:5 |   18095 |   73068 |  80.2 |      27 |      63 |  70.0
    Crypt:1 |   32220 |    1559 |   4.6 |      50 |       2 |   3.8
    Crypt:2 |   37095 |    3313 |   8.2 |      43 |       1 |   2.3
    Crypt:3 |       0 |   59304 | 100.0 |       0 |     100 | 100.0
     Tomb:1 |   15957 |   26436 |  62.4 |      36 |      30 |  45.5
     Tomb:2 |    2785 |   24308 |  89.7 |      11 |      24 |  68.6
   Depths:1 |   49840 |    3197 |   6.0 |      72 |       5 |   6.5
   Depths:2 |   30622 |   18544 |  37.7 |      37 |      14 |  27.5
   Depths:3 |   36851 |   33273 |  47.4 |      45 |      28 |  38.4
   Depths:4 |   18368 |   19491 |  51.5 |      21 |      18 |  46.2
    Volcano |       0 |    6491 | 100.0 |       0 |      18 | 100.0
   Gauntlet |       0 |    7613 | 100.0 |       0 |      24 | 100.0
      Arena |       0 |    4813 | 100.0 |       0 |       2 | 100.0
            +---------+---------+-------+---------+---------+-------

Illustrated notes

Table legend:
 A = Kills in this place as a percentage of kills in entire the game.
 B = Kills by you in this place as a percentage of kills by you in the entire game.
 C = Kills by friends in this place as a percentage of kills by friends in the entire game.
 D = Other kills in this place as a percentage of other kills in the entire game.
 E = Experience gained in this place as a percentage of experience gained in the entire game.
 F = Experience gained in this place divided by the number of levels of this place that you have seen.
                   A       B       C       D       E      F
               +-------+-------+-------+-------+-------+----------------------
         Total | 100.0 | 100.0 |   N/A | 100.0 | 100.0 | 23344.3
       Dungeon |  17.6 |  17.6 |   N/A |  11.8 |   5.2 | 4126.7
          Lair |   9.9 |   9.9 |   N/A |   0.0 |   4.5 | 10753.4
        Shoals |   9.2 |   8.9 |   N/A |  52.9 |   8.9 | 26521.0
     Snake Pit |   5.1 |   5.2 |   N/A |   0.0 |   5.0 | 15012.2
  Orcish Mines |   5.2 |   5.3 |   N/A |   0.0 |   2.3 | 13911.5
   Elven Halls |   8.8 |   8.8 |   N/A |  11.8 |  11.2 | 44492.0
        Vaults |  17.6 |  17.6 |   N/A |   5.9 |  26.5 | 63076.0
         Crypt |   9.0 |   9.1 |   N/A |   0.0 |  11.2 | 44497.0
          Tomb |   4.6 |   4.7 |   N/A |   0.0 |   5.8 | 34743.0
        Depths |  11.0 |  10.9 |   N/A |  17.6 |  17.7 | 52546.5
       Volcano |   0.8 |   0.8 |   N/A |   0.0 |   0.5 | 6491.0
      Gauntlet |   1.1 |   1.1 |   N/A |   0.0 |   0.6 | 7613.0
         Arena |   0.1 |   0.1 |   N/A |   0.0 |   0.4 | 2406.5
               +-------+-------+-------+-------+-------+----------------------

Table legend: (Time is in decaauts)
 A = Elapsed time spent in this place.
 B = Non-inter-level travel time spent in this place.
 C = Inter-level travel time spent in this place.
 D = Time resting spent in this place.
 E = Time spent auto-exploring this place.
 F = Levels seen in this place.
 G = Mean time per level.
                   A        B        C        D        E       F      G
               +--------+--------+--------+--------+--------+-----+--------+
         Total |  67545 |  64329 |   3216 |  11065 |  39808 |  51 | 1324.4 |
       Dungeon |  16584 |  15382 |   1202 |    371 |  12501 |  15 | 1105.6 |
          Lair |   6300 |   5809 |    491 |     26 |   4771 |   5 | 1260.0 |
        Shoals |   7298 |   6988 |    310 |   2396 |   3490 |   4 | 1824.5 |
     Snake Pit |   4610 |   4514 |     96 |    571 |   3139 |   4 | 1152.5 |
  Orcish Mines |   2520 |   2392 |    128 |    441 |   1578 |   2 | 1260.0 |
   Elven Halls |   7230 |   6871 |    359 |   2087 |   2683 |   3 | 2410.0 |
        Vaults |   7207 |   6980 |    227 |    890 |   4562 |   5 | 1441.4 |
         Crypt |   5160 |   4994 |    166 |   1382 |   2738 |   3 | 1720.0 |
          Tomb |   2112 |   2112 |      0 |   1093 |    237 |   2 | 1056.0 |
        Depths |   6300 |   6065 |    235 |    945 |   3111 |   4 | 1575.0 |
       Volcano |   1262 |   1262 |      0 |    797 |    317 |   1 | 1262.0 |
      Gauntlet |    912 |    912 |      0 |     61 |    680 |   1 |  912.0 |
         Arena |     44 |     44 |      0 |      4 |      0 |   2 |   22.0 |
               +--------+--------+--------+--------+--------+-----+--------+

Top non-repeatable levels by time:
Shoals:3: 3662 daAuts
   Elf:2: 3012 daAuts
 Crypt:3: 2519 daAuts
   Elf:3: 2389 daAuts
Depths:3: 2040 daAuts
  Tomb:1: 2038 daAuts
  Lair:5: 1892 daAuts
   Elf:1: 1829 daAuts
Vaults:5: 1736 daAuts
Depths:2: 1682 daAuts
 Snake:4: 1660 daAuts
Shoals:2: 1639 daAuts
    D:14: 1584 daAuts
Vaults:3: 1578 daAuts
Vaults:4: 1551 daAuts
